Workbook
Name AbaDeprec: '5. Depreciação'!$A$1
Name AbaRemun: '6.Remuneração de capital'!$A$1

Sheet 1. Triage e operação do aterro
A4: 1. OPERAÇÃO DE CENTRAL DE TRIAGEM
A5: Planilha de Composição de Custos
A7: Orçamento Sintético
A8: Descrição do Item | E8: Custo (R$/mês) | F8: %
A9: =A48 -> 1. Mão-de-obra | E9: =+F73 -> #VALUE! | F9: =IFERROR(E9/$E$31,0) -> 0
A10: =A50 -> 1.1. Recicladores | E10: =F58 -> 0 | F10: =IFERROR(E10/$E$31,0) -> 0
A11: =A61 -> 1.5. Vale Transporte | E11: =F66 -> #VALUE! | F11: =IFERROR(E11/$E$31,0) -> 0
A12: =A68 -> 1.6. Vale-refeição (diário) | E12: =F71 -> 0 | F12: =IFERROR(E12/$E$31,0) -> 0
A13: =A75 -> 2. Uniformes e Equipamentos de Proteção Individual | E13: =+F93 -> 0 | F13: =IFERROR(E13/$E$31,0) -> 0
A14: =A95 -> 3. Veículos e Equipamentos | E14: =+F206 -> -0.01 | F14: =IFERROR(E14/$E$31,0) -> 0
A15: =A97 -> 3.1. Pá – carregadeira para transporte de fardo de materiais, | E15: =SUM(E16:E21) -> -0.01 | F15: =IFERROR(E15/$E$31,0) -> 0
A16: =A99 -> 3.1.1. Depreciação | E16: =F108 -> 0 | F16: =IFERROR(E16/$E$31,0) -> 0
A17: =A110 -> 3.1.2. Remuneração do Capital | E17: =F119 -> 0 | F17: =IFERROR(E17/$E$31,0) -> 0
A18: =A121 -> 3.1.3. Impostos e Seguros | E18: =F125 -> 0 | F18: =IFERROR(E18/$E$31,0) -> 0
A19: =A127 -> 3.1.4. Consumos | E19: =F143 -> -0.01 | F19: =IFERROR(E19/$E$31,0) -> 0
A20: =A145 -> 3.1.5. Manutenção | E20: =F148 -> 0 | F20: =IFERROR(E20/$E$31,0) -> 0
A21: =A150 -> 3.1.6. Pneus | E21: =F157 -> 0 | F21: =IFERROR(E21/$E$31,0) -> 0
A22: 3.2. Esteira de Triagem, composta por tulha dosadora e esteira | E22: =SUM(E23:E24) -> 0 | F22: =IFERROR(E22/$E$31,0) -> 0
A23: 3.2.1. Depreciação | E23: =F169 -> 0 | F23: =IFERROR(E23/$E$31,0) -> 0
A24: 3.2.2. Remuneração do capital | E24: =F180 -> 0 | F24: =IFERROR(E24/$E$31,0) -> 0
A25: 3.3. Prensa hidráulica vertical, de amarração manual | E25: =SUM(E26:E27) -> 0 | F25: =IFERROR(E25/$E$31,0) -> 0
A26: 3.3.1. Depreciação | E26: =F193 -> 0 | F26: =IFERROR(E26/$E$31,0) -> 0
A27: 3.3.2. Remuneração do capital | E27: =F204 -> 0 | F27: =IFERROR(E27/$E$31,0) -> 0
A28: =A208 -> 4. Ferramentas e Materiais de Consumo | E28: =+F217 -> 0 | F28: =IFERROR(E28/$E$31,0) -> 0
A29: =A219 -> CUSTO TOTAL MENSAL COM DESPESAS OPERACIONAIS (R$/mês) | E29: =+F219 -> 0 | F29: =IFERROR(E29/$E$31,0) -> 0
A30: =A221 -> 6. Benefícios e Despesas Indiretas - BDI | E30: =+F227 -> 0 | F30: =IFERROR(E30/$E$31,0) -> 0
A31: PREÇO TOTAL MENSAL COM A TRIAGEM E OPERAÇÃO DO ATERRO SANITÁRIO | E31: =E29+E30 -> 0 | F31: =SUM(F29:F30) -> 0
A34: Quantitativos
A35: Mão-de-obra | E35: Quantidade
A36: =+A50 -> 1.1. Recicladores
A37: Total de mão-de-obra (postos de trabalho)
A39: Veículos e Equipamentos | E39: Quantidade
A40: 3,1 Pá – carregadeira para transporte de materiais
A41: =A158 -> 3.2. Esteira de Triagem, composta por tulha dosadora e esteira
A42: =A182 -> 3.3. Prensa hidráulica vertical, de amarração manual
A45: Fator de utilização (FU)
A46: Fator de utilização (FU) Mão de obra
A48: 1. Mão-de-obra
A50: 1.1. Recicladores
A51: Discriminação | B51: Unidade | C51: Quantidade | D51: Custo unitário | E51: Subtotal | F51: Total (R$)
A52: Piso da categoria | B52: mês | E52: =C52*D52 -> 0
A53: Adicional de Insalubridade | B53: % | D53: =SUM(E52:E52) -> 0 | E53: =C53*D53/100 -> 0
A54: Soma | E54: =SUM(E52:E53) -> 0
A55: Encargos Sociais | B55: % | D55: =E54 -> 0 | E55: =D55*C55/100 -> 0
A56: Total por Coletor | E56: =E54+E55 -> 0
A57: Total do Efetivo | B57: homem | D57: =E56 -> 0 | E57: =C57*D57 -> 0
D58: Fator de utilização | E58: 0.2 | F58: =E57*E58 -> 0
A61: 1.5. Vale Transporte
A62: Discriminação | B62: Unidade | C62: Quantidade | D62: Custo unitário | E62: Subtotal | F62: Total (R$)
A63: Vale Transporte | B63: R$
A64: Dias Trabalhados por mês | B64: dia
A65: Reciclador | B65: vale | C65: =$C$64*2*(C57) -> 0 | D65: =IFERROR((($C$64*2*$D$63)-(E52*0.06))/($C$64*2),"-") -> - | E65: =IFERROR(C65*D65,"-") -> -
D66: Fator de utilização | E66: 0.06 | F66: =SUM(E65*E66) -> #VALUE!
A68: 1.6. Vale-refeição (diário)
A69: Discriminação | B69: Unidade | C69: Quantidade | D69: Custo unitário | E69: Subtotal | F69: Total (R$)
A70: =+A65 -> Reciclador | B70: unidade | C70: =C64*(E36) -> 0 | E70: =C70*D70 -> 0
D71: Fator de utilização | E71: 0.06 | F71: =SUM(E70*E71) -> 0
A73: Custo Mensal com Mão-de-obra (R$/mês) | F73: =F71+F66+F58 -> #VALUE!
A75: 2. Uniformes e Equipamentos de Proteção Individual
A77: 2.1. Uniformes e EPIs para Reciclador
A79: Discriminação | B79: Unidade | C79: Durabilidade (meses) | D79: Custo unitário | E79: Subtotal | F79: Total (R$)
A80: Jaqueta com reflexivo | B80: unidade | E80: =IFERROR(D80/C80,0) -> 0
A81: Calça | B81: unidade | E81: =IFERROR(D81/C81,0) -> 0
A82: Camiseta | B82: unidade | E82: =IFERROR(D82/C82,0) -> 0
A83: Boné árabe | B83: unidade | E83: =IFERROR(D83/C83,0) -> 0
A84: Botina de segurança c/ palmilha aço | B84: par | E84: =IFERROR(D84/C84,0) -> 0
A85: Capa de chuva amarela com reflexivo | B85: unidade | E85: =IFERROR(D85/C85,0) -> 0
A86: Colete reflexivo | B86: unidade | E86: =IFERROR(D86/C86,0) -> 0
A87: Luva anti-corte | B87: par | E87: =IFERROR(D87/C87,0) -> 0
A88: Protetor solar FPS 30 | B88: frasco 120g | E88: =IFERROR(D88/C88,0) -> 0
A89: Higienização de uniformes e EPIs | B89: R$ mensal | E89: =IFERROR(D89/C89,0) -> 0
A90: Total do Efetivo | B90: homem | D90: =+SUM(E80:E89) -> 0 | E90: =C90*D90 -> 0
D91: Fator de utilização | E91: =$B$45 -> 0 | F91: =E90*E91 -> 0
A93: Custo Mensal com Uniformes e EPIs (R$/mês) | F93: =+F91 -> 0
A95: 3. Veículos e Equipamentos
A97: 3.1. Pá – carregadeira para transporte de fardo de materiais,
A99: 3.1.1. Depreciação
A100: Discriminação | B100: Unidade | C100: Quantidade | D100: Custo unitário | E100: Subtotal | F100: Total (R$)
A101: Custo de aquisição do chassis | B101: unidade | C101: 1 | E101: =C101*D101 -> 0
A102: Vida útil do chassis | B102: anos
A103: Idade do veículo | B103: anos
A104: Depreciação do chassis | B104: % | C104: =IFERROR(VLOOKUP(C102,'5. Depreciação'!A3:B17,2,0),0) -> 0 | D104: =E101 -> 0 | E104: =C104*D104/100 -> 0
A105: Depreciação mensal veículos coletores | B105: mês | C105: =C102*12 -> 0 | D105: =IF(C103<=C102,E104,0) -> 0 | E105: =IFERROR(D105/C105,0) -> 0
A106: Total por veículo | E106: =E105 -> 0
A107: Total da frota | B107: unidade | D107: =E106 -> 0 | E107: =C107*D107 -> 0
D108: Fator de utilização | E108: =$B$45 -> 0 | F108: =E107*E108 -> 0
A110: 3.1.2. Remuneração do Capital
A111: Discriminação | B111: Unidade | C111: Quantidade | D111: Custo unitário | E111: Subtotal | F111: Total (R$)
A112: Custo do chassis | B112: unidade | D112: =D101 -> 0 | E112: =C112*D112 -> 0
A113: Taxa de juros anual nominal | B113: %
A114: Valor do veículo proposto (V0) | B114: R$ | C114: =IFERROR(IF(C103<=C102,E101-(C104/(100*C102)*C103)*E101,E101-E104),0) -> 0
A115: Investimento médio total do chassis | B115: R$ | C115: =IFERROR(IF(C103>=C102,C114,((((C114)-(E101-E104))*(((C102-C103)+1)/(2*(C102-C103))))+(E101-E104))),0) -> 0
A116: Remuneração mensal de capital do chassis | B116: R$ | D116: =C113*C115/12/100 -> 0 | E116: =D116 -> 0
A117: Total por veículo | E117: =E116 -> 0
A118: Total da frota | B118: unidade | C118: =C107 -> 0 | D118: =E117 -> 0 | E118: =C118*D118 -> 0
D119: Fator de utilização | E119: =$B$45 -> 0 | F119: =E118*E119 -> 0
A121: 3.1.3. Impostos e Seguros
A122: Discriminação | B122: Unidade | C122: Quantidade | D122: Custo unitário | E122: Subtotal | F122: Total (R$)
A123: Licenciamento e Seguro obrigatório | B123: unidade | C123: =C107 -> 0 | E123: =C123*D123 -> 0
A124: Impostos e seguros mensais | B124: mês | C124: 12 | D124: =SUM(E123:E123) -> 0 | E124: =D124/C124 -> 0
...

Sheet 2.Encargos Sociais
A1: Orientações para preenchimento:
A2: 1. Preencha previamente os dados de entrada na planilha 3.CAGED
A4: 2. Composição dos Encargos Sociais
A5: Código | B5: Descrição | C5: Valor
A6: A1 | B6: INSS | C6: 0.2
A7: A2 | B7: SESI | C7: 0.015
A8: A3 | B8: SENAI | C8: 0.01
A9: A4 | B9: INCRA | C9: 0.002
A10: A5 | B10: SEBRAE | C10: 0.006
A11: A6 | B11: Salário educação | C11: 0.025
A12: A7 | B12: Seguro contra acidentes de trabalho | C12: 0.03
A13: A8 | B13: FGTS | C13: 0.08
A14: A | B14: SOMA GRUPO A | C14: =SUM(C6:C13) -> 0.368
A16: B1 | B16: Férias gozadas | C16: =ROUND(IF('3.CAGED'!C39>24,(1-12/'3.CAGED'!C39)*0.1111,0.1111-C25),4) -> 0
A17: B2 | B17: 13º salário | C17: =ROUND('3.CAGED'!C33/'3.CAGED'!C30,4) -> #DIV/0!
A18: B3 | B18: Licença Paternidade | C18: 0.0006
A19: B4 | B19: Faltas justificadas | C19: 0.0082
A20: B5 | B20: Auxilio acidente de trabalho | C20: 0.0031
A21: B6 | B21: Auxilio doença | C21: 0.0166
A22: B | B22: SOMA GRUPO B | C22: =SUM(C16:C21) -> #DIV/0!
A24: C1 | B24: Aviso prévio indenizado | C24: =ROUND(('3.CAGED'!C38) *'3.CAGED'!C29/'3.CAGED'!C30,4) -> #DIV/0!
A25: C2 | B25: Férias indenizadas | C25: =ROUND(IF('3.CAGED'!C39>12,12/'3.CAGED'!C39*0.1111,0.1111),4) -> 0.1111
A26: C3 | B26: Férias indenizadas s/ aviso previo inden. | C26: =ROUND(('3.CAGED'!C32+'3.CAGED'!C31)/360*C24,4) -> #DIV/0!
A27: C4 | B27: Depósito rescisão sem justa causa | C27: =ROUND(('3.CAGED'!C30+'3.CAGED'!C31+'3.CAGED'!C33)/'3.CAGED'!C28*'3.CAGED'!C35*'3.CAGED'!C36*'3.CAGED'!C29/'3.CAGED'!C30,4) -> #DIV/0!
A28: C5 | B28: Indenização adicional | C28: =ROUND(('3.CAGED'!C32/'3.CAGED'!C30)*'3.CAGED'!C29/12,4) -> #DIV/0!
A29: C | B29: SOMA GRUPO C | C29: =SUM(C24:C28) -> #DIV/0!
A31: D1 | B31: Reincidência de Grupo A sobre Grupo B | C31: =ROUND(C14*C22,4) -> #DIV/0!
A32: D2 | B32: Reincidência de Grupo A sobre aviso prévio indenizado | C32: =ROUND((C24*C14),4) -> #DIV/0!
A33: D | B33: SOMA GRUPO D | C33: =SUM(C31:C32) -> #DIV/0!
B34: SOMA (A+B+C+D) | C34: =C33+C29+C22+C14 -> #DIV/0!

Sheet 3.CAGED

Sheet 4.BDI
A1: Orientações para preenchimento:
A2: 1. Esta planilha é somente um modelo-base e deve ser ajustada conforme cada caso concreto.
A3: 2. Preencher somente células em amarelo
A6: 4. Composição do BDI - Benefícios e Despesas Indiretas
D8: Referência estudo TCE
D9: 1° Quartil | E9: Médio | F9: 3° Quartil
A10: Administração Central | B10: AC | C10: 0.0508 | D10: 0.0297 | E10: 0.0508 | F10: 0.0627
A11: Seguros/Riscos/Garantias | B11: SRG | C11: 0.0133 | D11: =0.003+0.0056 -> 0.0086 | E11: =0.0048+0.0085 -> 0.0133 | F11: =0.0082+0.0089 -> 0.0171
A12: Lucro | B12: L | C12: 0.1085 | D12: 0.0778 | E12: 0.1085 | F12: 0.1355
A13: Despesas Financeiras | B13: DF | C13: =(1+E13)^(E14/252)-1 -> 0.0062670562 | D13: i | E13: 0.065
A14: Tributos - ISS | B14: T | C14: 0.03 | D14: DU | E14: 25
A15: Tributos - PIS/COFINS | C15: 0.0365
A16: Fórmula para o cálculo do BDI:
A17: {[(1+AC+SRG) x (1+L) x (1+DF)] / (1-T)} -1
A18: Resultado do cálculo do BDI: | C18: =ROUND((((1+C10+C11)*(1+C12)*(1+C13))/(1-(C14+C15))-1),4) -> 0.2715 | D18: 0.2143 | E18: 0.2717 | F18: 0.3362

Sheet 5. Depreciação
A1: 5. Depreciação Referencial TCE/RS (%)
A2: Idade do veículo (ano) | B2: Depreciação Média
A3: 1 | B3: 33.63
A4: 2 | B4: 43.13
A5: 3 | B5: 48.68
A6: 4 | B6: 52.62
A7: 5 | B7: 55.68
A8: 6 | B8: 58.18
A9: 7 | B9: 60.29
A10: 8 | B10: 62.12
A11: 9 | B11: 63.73
A12: 10 | B12: 65.18
A13: 11 | B13: 66.48
A14: 12 | B14: 67.67
... A17: 15 | B17: 70.73

Sheet 6.Remuneração de capital
A1: 6. Remuneração de Capital
A3: Fórmula de cálculo da remuneração de capital:
A12: Jm = remuneração de capital mensal
A13: i = taxa de juros do mercado (sugere-se adotar a taxa SELIC)
A14: Im = investimento médio
A15: V0 = valor inicial do bem
A16: Vr = valor residual do bem
A17: n = vida útil do bem em anos

Sheet 7. Dimensionamento
A1: Orientações para preenchimento:
A2: 1. Esta planilha é somente um modelo de cálculo expedito e deve ser ajustada conforme cada caso concreto.
A3: 2. Dimensionar separadamente setores atendidos por veículos de capacidade de carga diferentes.
A4: 3. Preencher somente células em amarelo
A6: 7. Dimensionamento da frota
A8: Indicador | B8: Unid | C8: Valor
A9: População (H) | B9: hab
A10: Geração per capita (G) | B10: Kg/hab.dia | C10: =0.0362741*C9^0.2336249 -> 0
A11: Geração total diária (Qd) | B11: ton/dia | C11: =C9*C10/1000 -> 0
A12: Geração Mensal | B12: ton | C12: =(C11*30) -> 0
A13: Número de dias de coleta por semana (Dc) | B13: dia
A14: Quantitativo diário de coleta (Qc) | B14: ton/dia | C14: =IFERROR(C11*7/C13,0) -> 0
A15: Densidade RSU compactado | B15: Kg/m³ | C15: 500
A16: Tipo de Veículo (1 = toco, 2 = truck)
A17: Capacidade do Compactador | B17: m³
A18: Capacidade nominal de carga (Cc) | B18: ton | C18: =IF(AND(C17>=15,C16=1),5.8,C17/2) -> 0
A19: Número de Cargas por dia (Nc) | C19: =IFERROR(C14/C18,0) -> 0
A20: Número total de percursos de coleta por veículo, por dia (Np)
A21: Número de veículos da Frota (F) | C21: =IFERROR(C19/C20,0) -> 0
